 Dungeon Crawl Stone Soup version 0.31-a0-1008-g5b978dac0e (webtiles) character file.

Game seed: 12687957629983312400

153 Pixllover the Digger (level 5, -1/28 HPs)
             Began as a Gargoyle Earth Elementalist on Nov 13, 2023.
             Killed from afar by Ijyb (7 damage)
             ... with a puff of flame
             ... on level 4 of the Dungeon.
             The game lasted 00:04:58 (2127 turns).

Pixllover the Digger (Gargoyle Earth Elementalist)  Turns: 2127, Time: 00:04:59

Health: -1/28      AC:  7    Str: 12    XL:     5   Next: 35%
Magic:  8/10       EV: 12    Int: 17    God:
Gold:   147        SH:  0    Dex: 10    Spells: 10/11 levels left

rFire   . . .        (no weapon)
rCold   . . .        (no shield)
rNeg    + . .        a - +0 robe
rPois   ∞            (no helmet)
rElec   +            (no cloak)
rCorr   .            (no gloves)
SInv    .            d - +0 pair of boots
Will    .....        (no amulet)
Stlth   ++           e - ring of wizardry
HPRegen 0.24/turn    (no ring)
MPRegen 0.12/turn

%: wizardry (x1)
@: no status effects
A: sickness immunity, AC +4, negative energy resistance 1, electricity
resistance, torment resistance 1, petrification resistance
a: no special abilities


You were on level 4 of the Dungeon.
You visited 1 branch of the dungeon, and saw 4 of its levels.

You collected 147 gold pieces.

Inventory:

Missiles
 f - 6 poisoned darts (quivered)
Armour
 a - a +0 robe (worn)
 d - a +0 pair of boots (worn)
Jewellery
 e - a ring of wizardry (left hand)
Scrolls
 i - a scroll of fog {unknown}
 j - a scroll of fear {unknown}
 k - a scroll of blinking {unknown}
Potions
 b - a potion of magic
 c - 2 potions of cancellation
 g - a potion of curing
 l - a potion of heal wounds
 m - a potion of ambrosia {unknown}


   Skills:
 + Level 1.6 Dodging
 + Level 2.4 Stealth
 + Level 3.9 Spellcasting
 + Level 0.7 Transmutations
 + Level 5.1 Earth Magic


You had 10 spell levels left.
You knew the following spells:

 Your Spells              Type           Power      Damage    Failure   Level
a - Sandblast             Erth           42%        2d11      1%          1

Your spell library contained the following spells:

 Spells                   Type           Power      Damage    Failure   Level
 Passwall                 Tmut/Erth      10%        N/A       2%          2
 Stone Arrow              Conj/Erth      24%        3d8       6%          3
 Ensorcelled Hibernation  Hex/Ice        6%         N/A       10%         2
 Swiftness                Air            3%         N/A       19%         3
 Petrify                  Tmut/Erth      13%        N/A       19%         4
 Brom's Barrelling Bould  Conj/Erth      12%        2d4       21%         4
 Dispel Undead            Necr           3%         3d7       52%         4
 Death Channel            Necr           1%         N/A       100%        6
 Cigotuvi's Dreadful Rot  Necr/Pois/Air  Unusable   N/A       N/A         2

Dungeon Overview and Level Annotations

Branches:
Dungeon (4/15)
 Temple: D:4-7

Altars:
Fedhas
Hepliaklqana

Annotations:
D:4 Ijyb


Innate Abilities, Weirdness & Mutations

You are immune to sickness and miasma.
Your stone body is resilient. (AC +4)
You are immune to poison.
You resist negative energy. (rN+)
You are resistant to electric shocks. (rElec)
You are resistant to unholy torment.
You are immune to petrification.


Message History

The gnoll attacks as it pursues you! The gnoll closely misses you.
The gnoll hits you from afar with a +0 halberd.
The gnoll misses you. The gnoll attacks as it pursues you!
The gnoll closely misses you.
There is a stone staircase leading down here.
The gnoll hits you from afar with a +0 halberd!
Ouch! That really hurt!
* * * LOW HITPOINT WARNING * * *
You climb downwards.
Found a stone staircase leading up.
There is a stone staircase leading up here.
Found 15 gold pieces.
An adder and an orc wizard come into view.
The orc wizard shouts!
An orc comes into view. It is wielding a +0 flail.
The adder hisses angrily.
You hear a shout!
An orc wizard comes into view. It is wielding a +1 dagger of venom.
You hear a shout!
As you read the scroll of immolation, it crumbles to dust.
The creatures around you are filled with an inner flame!
Casting: Sandblast (safe; 1% risk of failure)
Confirm with . or Enter, or press ? or * to list all spells.
Aiming: Sandblast (safe; 1% risk of failure)
Press: ? - help, Shift-Dir - straight line, f - orc wizard
Aim: an orc wizard, wielding a +0 dagger and wearing a +0 robe (inner flame, 77% to hit)
The blast of sand hits the orc wizard.
Flame seeps out of the orc wizard.
The orc wizard is heavily wounded.
An orc comes into view. It is wielding a +0 hand axe.
The orc wizard is engulfed in blazing flames.
The orc wizard explodes!
The fiery explosion engulfs the adder!!!
The fiery explosion engulfs the orc!!!
The orc explodes!
The fiery explosion engulfs the orc wizard!!
The orc wizard explodes!
The adder explodes!
You hear a shout!
You hear an angry hiss.
You have reached level 5!
Ijyb the Twisted Goblin comes into view.
She is wielding a +0 club and carrying a wand of flame.
Ijyb zaps a wand.
The puff of flame hits you!
You die...

###.#......
####...#§§§...
......§§§§go
...§§§§§§#
#.§§<☼§##
#.§§§§..#
#.......#
#..@....#
#...........
#...........
#<...#.....#
#.......##....##
#..O....# ....#
............ ....#
..................
#........#####


You could see an ogre, Ijyb and an orc.

Vanquished Creatures
  2 orc wizards (D:4)
  6 adders
  A worm (D:2)
  A dart slug (D:1)
  4 orcs
  4 bats
  4 endoplasms
  A giant cockroach (D:3)
  4 goblins
  3 hobgoblins (D:1)
  3 quokkas
  5 ball pythons
  4 frilled lizards (D:1)
  2 kobolds (D:1)
  7 rats
51 creatures vanquished.

Notes
Turn   | Place    | Note
-------+----------+-------------------------------------------
     0 | D:1      | Pixllover the Gargoyle Earth Elementalist began the quest
                  | for the Orb.
     0 | D:1      | Reached XP level 1. HP: 10/10 MP: 3/3
   142 | D:1      | Reached XP level 2. HP: 15/15 MP: 0/5
   328 | D:1      | You fall into a shaft and drop 1 floor!
   343 | D:2      | Reached skill level 4 in Earth Magic
   375 | D:2      | Reached XP level 3. HP: 13/19 MP: 2/6
   482 | D:2      | Found a blossoming altar of Fedhas.
   744 | D:1      | Found a faded altar of an unknown god.
  1076 | D:1      | Reached XP level 4. HP: 24/24 MP: 6/8
  1840 | D:3      | Found a hazy altar of Hepliaklqana.
  2079 | D:3      | Reached skill level 5 in Earth Magic
  2118 | D:4      | Noticed an ogre
  2124 | D:4      | Reached XP level 5. HP: 5/28 MP: 7/10
  2124 | D:4      | Noticed Ijyb
  2127 | D:4      | Killed from afar by Ijyb

Illustrated notes

Levels and vault maps discovered:
D:1:      roderic_crossed_star, layout_loops_ring, basic_ecumenical_altar,
          minmay_misc_feat_more_columns, minmay_lizard_pond
D:2:      layout_basic, basic_altar
D:3:      minmay_wonky_spiral, layout_basic, marbit_many_paths,
          old_standard_altar
D:4:      layout_cave_pools, nicolae_tso_carved_into_rock,
          nicolae_uskayaw_en_pointe, chequers_serial_rivers_small_3,
          minmay_starry_boxes, uniq_pikel, uniq_ijyb

Skill      XL: |  1  2  3  4 |
---------------+-------------+-----
Earth Magic    | 4 5 |  5.1
Spellcasting   | 3 |  3.9
Dodging        | |  1.6
Stealth        | |  2.4
Transmutations | |  0.7

Action                     |  1- 3 |  4- 6 || total
---------------------------+-------+-------++-------
  Melee: Unarmed           |     2 |       ||     2
   Cast: Sandblast         |    39 |    26 ||    65
    Use: Scroll            |     3 |     7 ||    10
 Armour: Robe              |    13 |     6 ||    19
  Dodge: Dodged            |     6 |     6 ||    12

Table legend: (Time is in decaauts)
 A = Elapsed time spent in this place.
 B = Non-inter-level travel time spent in this place.
 C = Inter-level travel time spent in this place.
 D = Time resting spent in this place.
 E = Time spent auto-exploring this place.
 F = Levels seen in this place.
 G = Mean time per level.
                   A        B        C        D        E       F      G
               +--------+--------+--------+--------+--------+-----+--------+
         Total |   2158 |   2075 |     83 |     24 |   1359 |   4 |  539.5 |
       Dungeon |   2158 |   2075 |     83 |     24 |   1359 |   4 |  539.5 |
               +--------+--------+--------+--------+--------+-----+--------+

Top non-repeatable levels by time:
     D:1: 965 daAuts
     D:2: 758 daAuts
     D:3: 425 daAuts
     D:4: 9 daAuts
